 Dungeon Crawl Stone Soup version 0.21-a0-361-g4efd3f9 (webtiles) character file.

1880 tidbits the Magician (level 9, -1/69 HPs)
             Began as a Gnoll Skald on Oct 13, 2017.
             Was a Follower of Makhleb.
             Killed by divine providence
             ... invoked by an orc priest
              (16 damage)
             ... on level 7 of the Dungeon.
             The game lasted 00:12:42 (1363 turns).

tidbits the Magician (Gnoll Skald)                  Turns: 1363, Time: 00:12:43

Health: -1/69      AC: 10    Str: 12 (15) XL:     9   Next: 14%
Magic:  0/18       EV: 13    Int: 16 (18) God:    Makhleb [*.....]
Gold:   125        SH:  0    Dex: 13 (14) Spells: 9/20 levels left

rFire    . . .     SeeInvis +   a - +1 war axe (chop)
rCold    . . .     Gourm    .   (no shield)
rNeg     . . .     Faith    .   B - +0 ring mail
rPois    .         Spirit   .   E - +0 helmet
rElec    .         Reflect  .   C - +0 cloak
rCorr    .         Harm     .   G - +0 pair of gloves
MR       .....                  (no boots)
Stlth    ++........             (no amulet)
HPRegen  0.21/turn              I - ring of see invisible
MPRegen  0.16/turn              n - +3 ring of slaying

@: no status effects
A: distributed training, fangs 1, deterioration 1, shaggy fur 1, strong nose
a: Renounce Religion


You were on level 7 of the Dungeon.
You worshipped Makhleb.
Makhleb was aware of your devotion.
You were not hungry.

You visited 2 branches of the dungeon, and saw 8 of its levels.

You collected 125 gold pieces.

Inventory:

Hand Weapons
 a - a +1 war axe of chopping (weapon)
   (You took it off an orc on level 7 of the Dungeon)
 o - a +0 hand axe
 s - a +1 hand axe of flaming
   (You found it on level 2 of the Dungeon)
 u - a +0 mace of crushing
   (You found it on level 2 of the Dungeon)
 v - a +3 quarterstaff of chaos
   (You took it off Crazy Yiuf on level 2 of the Dungeon)
 w - a +0 dagger of venom
   (You took it off an orc wizard on level 6 of the Dungeon)
 z - a +0 battleaxe
 D - a +0 war axe
Missiles
 g - 13 sling bullets
 t - 3 javelins (quivered)
 x - 20 arrows
Armour
 b - a +0 leather armour
 B - a +0 ring mail (worn)
 C - a +0 cloak (worn)
 E - a +0 helmet (worn)
 G - a +0 pair of gloves (worn)
Jewellery
 l - an uncursed ring of flight
   (You found it on level 1 of the Dungeon)
 n - a +3 ring of slaying (right hand)
   (You found it on level 2 of the Dungeon)
 I - a ring of see invisible (left hand)
   (You found it on level 4 of the Dungeon)
Scrolls
 e - 4 scrolls of remove curse {unknown}
 h - 3 scrolls of identify {unknown}
 i - a scroll of enchant armour {unknown}
 j - a scroll of fog {unknown}
 p - a scroll of teleportation {unknown}
 y - a scroll of amnesia {unknown}
 A - a scroll of recharging {unknown}
Potions
 q - a potion of curing
 r - a potion of degeneration
Books
 c - a book of Battle

   Spells                             Type                      Level
   a - Infusion                       Charms                       1
   b - Shroud of Golubria             Charms/Translocation         2
   c - Song of Slaying                Charms                       2
   d - Spectral Weapon                Hexes/Charms                 3
   e - Regeneration                   Charms/Necromancy            3
Comestibles
 d - 2 bread rations
 f - 7 fruits
 k - 3 meat rations
 m - 3 chunks of flesh


   Skills:
 + Level 6.1 Fighting
 + Level 3.9 Short Blades
 + Level 3.9 Long Blades
 + Level 6.1 Axes
 + Level 3.9 Maces & Flails
 + Level 3.9 Polearms
 + Level 3.9 Staves
 + Level 3.9 Slings
 + Level 3.9 Bows
 + Level 3.9 Crossbows
 + Level 3.9 Throwing
 + Level 4.7 Armour
 + Level 6.1 Dodging
 + Level 3.9 Stealth
 + Level 3.9 Shields
 + Level 3.9 Unarmed Combat
 + Level 6.4 Spellcasting
 + Level 3.2 Conjurations
 + Level 3.2 Hexes
 + Level 6.4 Charms
 + Level 3.2 Summonings
 + Level 3.2 Necromancy
 + Level 3.2 Translocations
 + Level 3.2 Transmutations
 + Level 3.2 Fire Magic
 + Level 3.2 Ice Magic
 + Level 3.2 Air Magic
 + Level 3.2 Earth Magic
 + Level 3.2 Poison Magic
 + Level 4.2 Invocations
 + Level 3.9 Evocations


You had 9 spell levels left.
You knew the following spells:

 Your Spells              Type           Power        Failure   Level  Hunger
g - Shroud of Golubria    Chrm/Tloc      ###.......   6%          2    None
i - Infusion              Chrm           ####         1%          1    None
r - Regeneration          Chrm/Necr      ###.......   12%         3    ##.....
w - Spectral Weapon       Hex/Chrm       ###.....     12%         3    ##.....
y - Song of Slaying       Chrm           ####....     3%          2    None


Dungeon Overview and Level Annotations

Branches:
Dungeon (7/15)             Temple (1/1) D:6

Altars:
Ashenzari
Kikubaaqudgha
Makhleb


Innate Abilities, Weirdness & Mutations

Your experience applies equally to all skills.
You have very sharp teeth.
Your uncanny sense of smell can sniff out nearby items.
Your body sometimes deteriorates upon taking damage.
You are covered in fur. (AC +1)


Message History

a flail; an orc corpse
t - 8 javelins (gained 1)
Casting: Spectral Weapon
Confirm with . or Enter, or press ? or * to list all spells.
Your skin crawls.
Found a scale mail.
An orc warrior comes into view. It is wielding a morningstar.
You see here 19 poisoned needles.
The orc warrior shouts!
You hear a shout! x2
Casting: Regeneration
Confirm with . or Enter, or press ? or * to list all spells.
You draw out your weapon's spirit!
Throwing (i - inventory):
t - 8 javelins (quivered)
Press: ? - help, Shift-Dir - straight line, f - orc warrior
Aim: an orc warrior, wielding a morningstar and wearing a plate armour You throw a javelin.
The javelin hits the orc warrior but does no damage.
Throwing (i - inventory):
t - 7 javelins (quivered)
Press: ? - help, Shift-Dir - straight line, f/p - orc warrior
Aim: an orc warrior, wielding a morningstar and wearing a plate armour You throw a javelin.
The javelin hits the orc warrior!
The orc warrior is moderately wounded.
You hit the orc warrior.
The orc warrior is moderately wounded.
Your spectral weapon hits the orc warrior!
The orc warrior hits your spectral weapon with a morningstar!!
Your spectral weapon shares its damage with you!
Your spectral weapon fades away.
* * * LOW HITPOINT WARNING * * *
Your body deteriorates!
You feel weakened.
The orc warrior shouts!
An orc priest comes into view.
You closely miss the orc warrior. Your bite misses the orc warrior.
The orc warrior is almost dead.
Your skin is crawling a little less now.
You hear a shout!
The orc warrior hits you with a morningstar.
* * * LOW HITPOINT WARNING * * *
An orc comes into view.
The orc shouts!
You hit the orc warrior but do no damage.
The orc warrior is almost dead.
The orc warrior hits you but does no damage.
Casting: Spectral Weapon
Confirm with . or Enter, or press ? or * to list all spells.
You don't have enough magic to cast that spell.
Throwing (i - inventory):
t - 6 javelins (quivered)
Press: ? - help, Shift-Dir - straight line, f - orc priest, p - orc warrior
Aim: an orc priest You throw a javelin.
The javelin hits the orc warrior.
You kill the orc warrior!
Makhleb accepts your kill.
You feel your dexterity returning.
An orc priest comes into view. It is wielding a flail.
Throwing (i - inventory):
t - 5 javelins (quivered)
Press: ? - help, Shift-Dir - straight line, f - orc priest, p - orc priest
Aim: an orc priest, wielding a flail You throw a javelin.
The javelin barely misses the orc priest.
The javelin hits the orc.
The orc is almost dead.
The orc priest calls upon Beogh to heal the orc.
The orc is healed somewhat.
The orc priest looks satisfied for a moment.
Unknown command.
Throwing (i - inventory):
t - 4 javelins (quivered)
Press: ? - help, Shift-Dir - straight line, f/p - orc priest
Aim: an orc priest, wielding a flail
Okay, then.
You slash the orc priest!
You kill the orc priest!
Makhleb accepts your kill.
You feel better.
Your skin stops crawling.
Casting: Spectral Weapon
Confirm with . or Enter, or press ? or * to list all spells.
You draw out your weapon's spirit!
The orc priest invokes the aid of Beogh against you.
Beogh smites you!
* * * LOW HITPOINT WARNING * * *
You closely miss the orc.
The orc is lightly wounded.
Your spectral weapon barely misses the orc.
The orc barely misses you.
An orc comes into view. It is wielding a hand axe.
You slash the orc!
You kill the orc!
Makhleb accepts your kill.
You feel better.
The orc priest invokes the aid of Beogh against you.
Beogh smites you!
* * * LOW HITPOINT WARNING * * *
Throwing (i - inventory):
t - 4 javelins (quivered)
Press: ? - help, Shift-Dir - straight line, f/p - orc priest
Aim: an orc priest, wielding a flail You throw a javelin.
The javelin barely misses the orc priest.
The orc priest mumbles some strange prayers to Beogh against you.
Beogh smites you!
You die...

##.## #. #..# ...
#)## ..# #[#
###.### #.#
.......
######)##.......
#...............
#.>.....(.....[.
#......@........
#.....((........
......(..........
##.........(.....
##.(.....#######
#oo.....#
#.####### #.


You could see an orc priest, an orc and a friendly spectral war axe of chopping.

Vanquished Creatures
  2 orc warriors
  3 sky beasts
  A black bear (D:7)
  A phantom (D:6)
  6 bullfrogs
  A water moccasin zombie (D:6)
  2 wights (D:6)
  2 crimson imps
  2 hounds
  2 bullfrog skeletons
  An orc priest (D:7)
  A centaur skeleton (D:4)
  Crazy Yiuf (D:2)
  An iguana (D:7)
  5 orc wizards
  5 worker ants
  A killer bee zombie (D:6)
  Robin (D:2)
  5 adders
  2 shadow imps
  A dart slug (D:2)
  2 leopard geckos
  15 orcs
  3 giant cockroaches
  11 goblins
  8 hobgoblins
  10 jackals
  3 quokkas
  6 bats
  2 frilled lizards (D:2)
  5 kobolds
  A quokka zombie (D:7)
  4 rats
116 creatures vanquished.

Vanquished Creatures (others)
  2 spectral weapons
2 creatures vanquished.

Grand Total: 118 creatures vanquished

Notes
Turn   | Place    | Note
-------+----------+-------------------------------------------
     0 | D:1      | tidbits the Gnoll Skald began the quest for the Orb.
     0 | D:1      | Reached XP level 1. HP: 20/20 MP: 6/6
   165 | D:1      | Reached XP level 2. HP: 26/26 MP: 4/7
   170 | D:1      | Learned a level 2 spell: Song of Slaying
   173 | D:1      | Learned a level 2 spell: Shroud of Golubria
   351 | D:2      | Reached skill level 5 in Spellcasting
   351 | D:2      | Reached XP level 3. HP: 28/31 MP: 4/9
   356 | D:2      | Learned a level 3 spell: Regeneration
   360 | D:2      | Learned a level 3 spell: Spectral Weapon
   464 | D:2      | Reached skill level 1 in Invocations
   533 | D:2      | Noticed Robin
   540 | D:2      | Reached skill level 1 in Short Blades
   540 | D:2      | Reached skill level 1 in Long Blades
   540 | D:2      | Reached skill level 1 in Maces & Flails
   540 | D:2      | Reached skill level 1 in Polearms
   540 | D:2      | Reached skill level 1 in Staves
   540 | D:2      | Reached skill level 1 in Slings
   540 | D:2      | Reached skill level 1 in Bows
   540 | D:2      | Reached skill level 1 in Crossbows
   540 | D:2      | Reached skill level 1 in Throwing
   540 | D:2      | Reached skill level 1 in Stealth
   540 | D:2      | Reached skill level 1 in Shields
   540 | D:2      | Reached skill level 1 in Unarmed Combat
   540 | D:2      | Reached skill level 1 in Evocations
   542 | D:2      | Reached XP level 4. HP: 33/38 MP: 6/11
   553 | D:2      | Killed Robin
   624 | D:2      | Reached skill level 1 in Conjurations
   624 | D:2      | Reached skill level 1 in Hexes
   624 | D:2      | Reached skill level 1 in Summonings
   624 | D:2      | Reached skill level 1 in Necromancy
   624 | D:2      | Reached skill level 1 in Translocations
   624 | D:2      | Reached skill level 1 in Transmutations
   624 | D:2      | Reached skill level 1 in Fire Magic
   624 | D:2      | Reached skill level 1 in Ice Magic
   624 | D:2      | Reached skill level 1 in Air Magic
   624 | D:2      | Reached skill level 1 in Earth Magic
   624 | D:2      | Reached skill level 1 in Poison Magic
   658 | D:2      | Found a runed door.
   664 | D:2      | Noticed Crazy Yiuf
   669 | D:2      | Killed Crazy Yiuf
   669 | D:2      | Reached XP level 5. HP: 43/43 MP: 8/12
   750 | D:3      | You fall through a shaft!
   800 | D:4      | Noticed a sky beast
   812 | D:4      | Reached skill level 3 in Armour
   815 | D:4      | Killed a sky beast
   815 | D:4      | Reached skill level 2 in Invocations
   815 | D:4      | Reached XP level 6. HP: 48/50 MP: 3/13
   820 | D:4      | Gained mutation: You are covered in fur. (AC +1) [mutagenic meat]
   821 | D:4      | Gained mutation: Your body sometimes deteriorates upon taking damage. [mutagenic meat]
   865 | D:4      | Reached skill level 5 in Fighting
   865 | D:4      | Reached skill level 2 in Short Blades
   865 | D:4      | Reached skill level 2 in Long Blades
   865 | D:4      | Reached skill level 5 in Axes
   865 | D:4      | Reached skill level 2 in Maces & Flails
   865 | D:4      | Reached skill level 2 in Polearms
   865 | D:4      | Reached skill level 2 in Staves
   865 | D:4      | Reached skill level 2 in Slings
   865 | D:4      | Reached skill level 2 in Bows
   865 | D:4      | Reached skill level 2 in Crossbows
   865 | D:4      | Reached skill level 2 in Throwing
   865 | D:4      | Reached skill level 5 in Dodging
   865 | D:4      | Reached skill level 2 in Stealth
   865 | D:4      | Reached skill level 2 in Shields
   865 | D:4      | Reached skill level 2 in Unarmed Combat
   865 | D:4      | Reached skill level 2 in Evocations
   962 | D:5      | Entered Level 5 of the Dungeon
   978 | D:5      | Noticed a sky beast
   985 | D:5      | Killed a sky beast
   985 | D:5      | Reached XP level 7. HP: 49/56 MP: 8/15
  1025 | D:6      | Reached skill level 2 in Conjurations
  1025 | D:6      | Reached skill level 2 in Hexes
  1025 | D:6      | Reached skill level 2 in Summonings
  1025 | D:6      | Reached skill level 2 in Necromancy
  1025 | D:6      | Reached skill level 2 in Translocations
  1025 | D:6      | Reached skill level 2 in Transmutations
  1025 | D:6      | Reached skill level 2 in Fire Magic
  1025 | D:6      | Reached skill level 2 in Ice Magic
  1025 | D:6      | Reached skill level 2 in Air Magic
  1025 | D:6      | Reached skill level 2 in Earth Magic
  1025 | D:6      | Reached skill level 2 in Poison Magic
  1039 | D:6      | Reached skill level 3 in Invocations
  1049 | D:6      | Found a staircase to the Ecumenical Temple.
  1064 | Temple   | Entered the Ecumenical Temple
  1073 | Temple   | Became a worshipper of Makhleb the Destroyer
  1088 | D:6      | Reached XP level 8. HP: 63/63 MP: 4/16
  1090 | D:6      | Reached skill level 6 in Charms
  1102 | D:6      | Reached skill level 3 in Short Blades
  1102 | D:6      | Reached skill level 3 in Long Blades
  1102 | D:6      | Reached skill level 3 in Maces & Flails
  1102 | D:6      | Reached skill level 3 in Polearms
  1102 | D:6      | Reached skill level 3 in Staves
  1102 | D:6      | Reached skill level 3 in Slings
  1102 | D:6      | Reached skill level 3 in Bows
  1102 | D:6      | Reached skill level 3 in Crossbows
  1102 | D:6      | Reached skill level 3 in Throwing
  1102 | D:6      | Reached skill level 4 in Armour
  1102 | D:6      | Reached skill level 3 in Stealth
  1102 | D:6      | Reached skill level 3 in Shields
  1102 | D:6      | Reached skill level 3 in Unarmed Combat
  1102 | D:6      | Reached skill level 3 in Evocations
  1119 | D:6      | Reached skill level 6 in Spellcasting
  1245 | D:7      | Reached * piety under Makhleb
  1245 | D:7      | HP: 6/64 [iguana (7)]
  1250 | D:7      | Reached skill level 3 in Conjurations
  1250 | D:7      | Reached skill level 3 in Hexes
  1250 | D:7      | Reached skill level 3 in Summonings
  1250 | D:7      | Reached skill level 3 in Necromancy
  1250 | D:7      | Reached skill level 3 in Translocations
  1250 | D:7      | Reached skill level 3 in Transmutations
  1250 | D:7      | Reached skill level 3 in Fire Magic
  1250 | D:7      | Reached skill level 3 in Ice Magic
  1250 | D:7      | Reached skill level 3 in Air Magic
  1250 | D:7      | Reached skill level 3 in Earth Magic
  1250 | D:7      | Reached skill level 3 in Poison Magic
  1250 | D:7      | Reached skill level 4 in Invocations
  1256 | D:7      | Reached skill level 6 in Fighting
  1256 | D:7      | Reached skill level 6 in Axes
  1256 | D:7      | Reached skill level 6 in Dodging
  1256 | D:7      | Reached XP level 9. HP: 8/69 MP: 2/18
  1363 | D:7      | Killed from afar by an orc priest

Vault maps used:
D:1:      erik_arrival_blinker_ship
D:2:      uniq_robin, uniq_crazy_yiuf_cottage
D:3:      zin_purify, first_bread, uniq_terence
D:4:      lemuel_tele_altar
D:5:      minmay_diamond_boxcup, grunt_gozag_breadcrumbs, serial_shops, shop,
          uniq_menkaure, uniq_ijyb, uniq_pikel
D:6:      minmay_temple_entry_butterflies, serial_bayou, serial_bayou_pond_b,
          serial_bayou_pond_d, serial_bayou_pond_a, serial_bayou_shore_b,
          serial_bayou_ford_a
D:7:      elyvilon_altar_1, nicolae_overflow_crystal_walls
Temple:   nicolae_temple_elliptical

Skill      XL: |  1  2  3  4  5  6  7  8 |
---------------+-------------------------+-----
Spellcasting   | 5 6 |  6.4
Invocations    | 1 2 3 4 |  4.2
Short Blades   | 1 2 3 |  3.9
Long Blades    | 1 2 3 |  3.9
Maces & Flails | 1 2 3 |  3.9
Polearms       | 1 2 3 |  3.9
Staves         | 1 2 3 |  3.9
Slings         | 1 2 3 |  3.9
Bows           | 1 2 3 |  3.9
Crossbows      | 1 2 3 |  3.9
Throwing       | 1 2 3 |  3.9
Stealth        | 1 2 3 |  3.9
Shields        | 1 2 3 |  3.9
Unarmed Combat | 1 2 3 |  3.9
Evocations     | 1 2 3 |  3.9
Conjurations   | 1 2 3 |  3.2
Hexes          | 1 2 3 |  3.2
Summonings     | 1 2 3 |  3.2
Necromancy     | 1 2 3 |  3.2
Translocations | 1 2 3 |  3.2
Transmutations | 1 2 3 |  3.2
Fire Magic     | 1 2 3 |  3.2
Ice Magic      | 1 2 3 |  3.2
Air Magic      | 1 2 3 |  3.2
Earth Magic    | 1 2 3 |  3.2
Poison Magic   | 1 2 3 |  3.2
Armour         | 3 4 |  4.7
Fighting       | 5 6 |  6.1
Axes           | 5 6 |  6.1
Dodging        | 5 6 |  6.1
Charms         | 6 |  6.4

Action                   |  1- 3 |  4- 6 |  7- 9 || total
-------------------------+-------+-------+-------++-------
Melee: Hand axe          |    49 |    45 |    69 ||   163
       Bite              |     6 |     9 |    14 ||    29
       War axe           |    19 |     9 |    17 ||    45
       Quarterstaff      |       |       |     3 ||     3
Throw: Javelin           |       |       |    16 ||    16
 Cast: Infusion          |     6 |       |       ||     6
       Spectral Weapon   |     4 |     8 |    12 ||    24
       Song of Slaying   |     1 |     1 |     2 ||     4
       Regeneration      |       |     1 |     5 ||     6
  Use: Potion            |       |       |     3 ||     3
 Stab: Distracted        |       |     1 |     1 ||     2
  Eat: Royal jelly       |       |     1 |       ||     1
       Chunk             |       |     2 |     2 ||     4
Armor: Ring mail         |    45 |    23 |    32 ||   100
Dodge: Dodged            |    60 |    38 |    52 ||   150

Table legend:
 A = Spawn XP
 B = Non-spawn XP
 C = Spawn XP percentage of total XP
 D = Spawn monster count
 E = Non-spawn monster count
 F = Spawn count percentage of total count
 G = Total turns spent on level
                    A         B        C        D         E        F      G
               +---------+---------+-------+---------+---------+-------+---------
         Total |       0 |    2687 |   0.0 |       0 |     116 |   0.0 |  1363
               +---------+---------+-------+---------+---------+-------+---------
           D:1 |       0 |      28 |   0.0 |       0 |      16 |   0.0 |   348
           D:2 |       0 |     149 |   0.0 |       0 |      38 |   0.0 |   387
           D:4 |       0 |     351 |   0.0 |       0 |      15 |   0.0 |   195
           D:5 |       0 |     151 |   0.0 |       0 |       3 |   0.0 |    39
           D:6 |       0 |    1220 |   0.0 |       0 |      21 |   0.0 |   168
           D:7 |       0 |     788 |   0.0 |       0 |      23 |   0.0 |   175
               +---------+---------+-------+---------+---------+-------+---------

Table legend:
 A = Turns spent in this place as a percentage of turns spent in the entire game.
 B = Non-inter-level travel turns spent in this place as a percentage of non-inter-level travel turns spent in the entire game.
 C = Inter-level travel turns spent in this place as a percentage of turns spent in this place.
 D = Turns resting spent in this place as a percentage of non-inter-level travel turns spent in this place.
 E = Turns spent auto-exploring this place as a percentage of non-inter-level travel turns spent in this place.
 F = Non-inter-level travel turns spent in this place divided by the number of levels of this place that you've seen.
                   A       B       C       D       E      F
               +-------+-------+-------+-------+-------+----------------------
         Total | 100.0 | 100.0 |   0.0 |   0.0 |   0.0 | 170.4
       Dungeon |  98.6 |  98.6 |   0.0 |   0.0 |   0.0 | 192.0
        Temple |   1.4 |   1.4 |   0.0 |   0.0 |   0.0 |  19.0
               +-------+-------+-------+-------+-------+----------------------

Table legend:
 A = Kills in this place as a percentage of kills in entire the game.
 B = Kills by you in this place as a percentage of kills by you in the entire game.
 C = Kills by friends in this place as a percentage of kills by friends in the entire game.
 D = Other kills in this place as a percentage of other kills in the entire game.
 E = Experience gained in this place as a percentage of experience gained in the entire game.
 F = Experience gained in this place divided by the number of levels of this place that you have seen.
                   A       B       C       D       E      F
               +-------+-------+-------+-------+-------+----------------------
         Total | 100.0 | 100.0 |   N/A |   N/A | 100.0 | 335.9
       Dungeon | 100.0 | 100.0 |   N/A |   N/A | 100.0 | 383.9
               +-------+-------+-------+-------+-------+----------------------

Vault maps used:
D:1:      erik_arrival_blinker_ship
D:2:      uniq_robin, uniq_crazy_yiuf_cottage
D:3:      zin_purify, first_bread, uniq_terence
D:4:      lemuel_tele_altar
D:5:      minmay_diamond_boxcup, grunt_gozag_breadcrumbs, serial_shops, shop,
          uniq_menkaure, uniq_ijyb, uniq_pikel
D:6:      minmay_temple_entry_butterflies, serial_bayou, serial_bayou_pond_b,
          serial_bayou_pond_d, serial_bayou_pond_a, serial_bayou_shore_b,
          serial_bayou_ford_a
D:7:      elyvilon_altar_1, nicolae_overflow_crystal_walls
Temple:   nicolae_temple_elliptical
